 Dungeon Crawl Stone Soup version 0.28.0-45-g0d030f2227 (webtiles) character file.

Game seed: 3121054310005978018

3234 Bruhh the Thaumaturge (level 10, -14/73 HPs)
             Began as a Djinni Cinder Acolyte on Apr 24, 2022.
             Was a High Priest of Ignis.
             Demolished by a six-headed hydra (16 damage)
             ... on level 7 of the Dungeon.
             The game lasted 00:13:06 (9984 turns).

Bruhh the Thaumaturge (Djinni Cinder Acolyte)       Turns: 9984, Time: 00:13:06

Health: -14/73     AC:  2    Str: 13    XL:     10   Next: 18%
Gold:   275        EV: 11    Int: 19    God:    Ignis [*****.] SH:  0 Dex: 10

rFire   + + +      SeeInvis .   v - +2 whip (flame)
rCold   x . .      Faith    .   (no shield)
rNeg    . . .      Spirit   .   b - +0 robe
rPois   ∞          Reflect  .   (no helmet)
rElec   .          Harm     .   g - scarf {+Inv}
rCorr   .          Rampage  .   (no gloves)
Will    +....                   (boots unavailable)
Stlth   +.........              (no amulet)
HPRegen 0.22/turn               (no ring)
MPRegen 0.00/turn               (no ring)

@: flying
A: sickness immunity, fire resistance 2, cold vulnerability 1, float, innate
caster, HP casting, extra vitality 1
a: Renounce Religion, Evoke Invisibility, Fiery Armour, Foxfire Swarm, Rising
Flame


You were on level 7 of the Dungeon.
You worshipped Ignis.
Ignis was extremely pleased with you.
You visited 2 branches of the dungeon, and saw 8 of its levels.

You collected 275 gold pieces.

Inventory:

Hand Weapons
 a - a -1 falchion of flaming
 v - a +2 whip of flaming (weapon)
Missiles
 d - 4 silver javelins
Armour
 b - a +0 robe (worn)
 g - a scarf of invisibility (worn)
Jewellery
 s - a ring of fire
Wands
 m - a wand of charming (9)
 r - a wand of iceblast (6)
 t - a wand of paralysis (5)
Scrolls
 c - a scroll of teleportation {unknown}
 e - 6 scrolls of identify {unknown}
 f - 3 scrolls of magic mapping {unknown}
 h - a scroll of noise {unknown}
 i - a scroll of fear {unknown}
 o - a scroll of silence {unknown}
 w - a scroll of torment {unknown}
Potions
 j - a potion of brilliance {unknown}
 k - 2 potions of lignification {unknown}
 l - a potion of flight {unknown}
 n - a potion of berserk rage {unknown}
 p - a potion of ambrosia {unknown}
 q - a potion of degeneration {unknown}
 u - 2 potions of curing {unknown}


   Skills:
 + Level 6.4 Fighting
 - Level 2.6 Long Blades
 - Level 10.0 Spellcasting


You had 18 spell levels left.
You knew the following spells:

 Your Spells              Type           Power      Damage    Failure   Level
a - Scorch                Fire           94%        2d9       1%          2
b - Apportation           Tloc           94%        N/A       1%          1
c - Poisonous Vapours     Pois/Air       94%        N/A       1%          2
d - Blink                 Tloc           94%        N/A       1%          2
e - Dispel Undead         Necr           47%        3d18      1%          4
Your spell library was empty.

Dungeon Overview and Level Annotations

Branches:
Dungeon (7/15)             Temple (1/1) D:5

Altars:
Cheibriados
Dithmenos
Fedhas
Hepliaklqana
Makhleb
Qazlal
Uskayaw
Xom
Yredelemnul
The Shining One


Innate Abilities, Weirdness & Mutations

You are immune to sickness and miasma.
You are immune to poison.
Your flesh is very heat resistant. (rF++)
You are vulnerable to cold. (rC-)
You float through the air rather than walking.
You learn spells naturally, not from books.
Your magical power is your life essence.
You have superior vitality. (+4 MHP)


Message History

You start resting.
HP restored.
You start waiting.
Done waiting.
You start waiting.
Done waiting.
You fly downwards.
You hear the hiss of flowing sand.
There is an entrance to an ossuary on this level.
Hurry and find it before the portal is buried!
You hear the brisk hiss of an avalanche of sand nearby.
There is a stone staircase leading up here.
You can't see any susceptible monsters within range! (Use Z to cast anyway.)
You can't see any susceptible monsters within range! (Use Z to cast anyway.)
A six-headed hydra comes into view.
A six-headed hydra is nearby!
Casting: Scorch (safe; 1% risk of failure)
Confirm with . or Enter, or press ? or * to list all spells.
Okay, then.
There is a stone staircase leading up here.
Flames lash the six-headed hydra.
The six-headed hydra is lightly wounded.
The six-headed hydra's fire resistance burns away.
Flames lash the six-headed hydra.
The six-headed hydra is burned terribly!
The six-headed hydra is moderately wounded.
The six-headed hydra bites you. The six-headed hydra bites you!
The six-headed hydra closely misses you.
The six-headed hydra bites you but does no damage.
The six-headed hydra closely misses you.
The six-headed hydra bites you!
Flames lash the six-headed hydra.
The six-headed hydra is burned terribly!
The six-headed hydra is severely wounded.
The six-headed hydra bites you. The six-headed hydra misses you.
The six-headed hydra bites you!
* * * LOW HITPOINT WARNING * * *
The six-headed hydra bites you!
* * * LOW HITPOINT WARNING * * *
The six-headed hydra bites you!
You die...

### #..
#.# #.#
#######=#
........#
..##.#..#
#...@#
###.D.#
#.#.# ##
P. ...
...# ...#
...P


You could see a six-headed hydra (combustible).

Vanquished Creatures
  Pikel (D:6)
  Grinder (D:5)
  A steam dragon (D:6)
  Menkaure (D:4)
  A water moccasin (D:5)
  3 ice beasts
  2 black bears
  A necrophage (D:6)
  3 sky beasts (D:5)
  2 ogres
  A centaur (D:6)
  2 phantoms
  A lemure (D:5)
  A bullfrog (D:6)
  2 scorpions
  5 wights
  A howler monkey (D:5)
  3 orc priests
  3 hounds
  3 jellies
  A centaur skeleton (D:4)
  2 iguanas
  An orc wizard (D:5)
  Natasha (thrice) (D:3)
  A killer bee zombie (D:6)
  4 gnolls (D:6)
  5 adders
  2 shadow imps
  2 worms
  A dart slug (D:1)
  6 orcs
  9 endoplasms
  5 giant cockroaches
  3 hobgoblins
  A quokka (D:2)
  6 ball pythons
  7 bats
  4 frilled lizards
  5 goblins
  12 kobolds
  8 rats
126 creatures vanquished.

Vanquished Creatures (others)
  21 foxfires (D:5)
  10 plants (D:4)
31 creatures vanquished.

Grand Total: 157 creatures vanquished

Notes
Turn   | Place    | Note
-------+----------+-------------------------------------------
     0 | D:1      | Bruhh the Djinni Cinder Acolyte began the quest for the
                  | Orb.
     0 | D:1      | Reached XP level 1. HP: 20/20 MP: 0/0
   249 | D:1      | Reached XP level 2. HP: 18/25 MP: 0/0
   512 | D:1      | Reached skill level 3 in Spellcasting
   876 | D:1      | Reached XP level 3. HP: 26/30 MP: 0/0
   876 | D:1      | Learned a level 1 spell: Apportation
   939 | D:1      | Found a faded altar of an unknown god.
  1969 | D:2      | Reached XP level 4. HP: 33/35 MP: 0/0
  2668 | D:2      | Reached skill level 4 in Spellcasting
  3203 | D:3      | Noticed Natasha
  3207 | D:3      | Killed Natasha
  3208 | D:3      | Reached XP level 5. HP: 26/40 MP: 0/0
  3208 | D:3      | Learned a level 2 spell: Poisonous Vapours
  3418 | D:3      | Noticed Natasha
  3422 | D:3      | Killed Natasha
  4182 | D:3      | Noticed Natasha
  4187 | D:3      | Killed Natasha
  4343 | D:4      | Noticed an ogre
  4351 | D:4      | Killed an ogre
  4352 | D:4      | Reached skill level 5 in Spellcasting
  4352 | D:4      | Reached XP level 6. HP: 34/46 MP: 0/0
  4563 | D:4      | Found a hazy altar of Hepliaklqana.
  4564 | D:4      | Found a basalt altar of Yredelemnul.
  4565 | D:4      | Found a hide-covered altar of Uskayaw.
  4566 | D:4      | Found a stormy altar of Qazlal.
  4771 | D:4      | Noticed Menkaure
  4775 | D:4      | Killed Menkaure
  4776 | D:4      | Reached skill level 6 in Spellcasting
  4776 | D:4      | Reached XP level 7. HP: 44/50 MP: 0/0
  4776 | D:4      | Learned a level 2 spell: Blink
  5046 | D:4      | Found a snail-covered altar of Cheibriados.
  5306 | D:4      | Reached XP level 8. HP: 51/56 MP: 0/0
  5467 | D:5      | Entered Level 5 of the Dungeon
  5529 | D:5      | Reached skill level 7 in Spellcasting
  5717 | D:5      | Found a staircase to the Ecumenical Temple.
  6022 | Temple   | Entered the Ecumenical Temple
  6311 | D:5      | Reached skill level 8 in Spellcasting
  6566 | D:5      | Reached XP level 9. HP: 43/60 MP: 0/0
  6566 | D:5      | Learned a level 4 spell: Dispel Undead
  7227 | D:6      | Reached skill level 9 in Spellcasting
  7882 | D:6      | Noticed Grinder
  7901 | D:5      | Killed Grinder
  8300 | D:6      | Reached skill level 10 in Spellcasting
  8469 | D:6      | Noticed Pikel
  9152 | D:6      | Killed Pikel
  9153 | D:6      | Reached skill level 5 in Fighting
  9153 | D:6      | Reached XP level 10. HP: 57/72 MP: 0/0
  9979 | D:7      | Noticed a six-headed hydra
  9984 | D:7      | HP: 2/73 [six-headed hydra (16)]
  9984 | D:7      | Demolished by a six-headed hydra

Illustrated notes

Levels and vault maps discovered:
D:1:      minmay_arrival_five_plusses, layout_basic,
          hellmonk_ecumenical_altar_heavens_door, minmay_hexomino_p4
D:2:      layout_loops_corners, chequers_serial_rivers_micro_b
D:3:      layout_basic, uniq_natasha
D:4:      layout_basic, mainiacjoe_overflow_cross_hatched,
          mainiacjoe_overflow_alcove_3, uniq_menkaure
D:5:      layout_gridville, minmay_temple_entry_proselytizer
D:6:      layout_cave_pools, uniq_grinder, uniq_pikel
D:7:      layout_basic, gup_ossuary_entry_pyramid, hangedman_decor_points,
          hangedman_abyss_or_decor_stabs, hellmonk_guarded_unrand_vines
Temple:   cyrus_circular_temple

Skill      XL: |  1  2  3  4  5  6  7  8  9 10 |
---------------+-------------------------------+-----
Spellcasting   | 3 4 5 6 8 10 | 10.0
Fighting       | 5 6 |  6.4
Long Blades    | |  2.6

Action                   |  1- 3 |  4- 6 |  7- 9 | 10-12 || total
-------------------------+-------+-------+-------+-------++-------
Melee: Falchion          |    23 |     2 |     2 |       ||    27
       Punch             |     1 |       |       |       ||     1
 Cast: Scorch            |    36 |    57 |   114 |    11 ||   218
       Poisonous Vapours |       |     4 |     6 |       ||    10
       Blink             |       |       |     3 |       ||     3
       Dispel Undead     |       |       |     1 |       ||     1
Invok: Foxfire Swarm     |       |       |     1 |       ||     1
Armor: Robe              |     8 |     5 |     5 |     2 ||    20
Dodge: Dodged            |    24 |    16 |    29 |    10 ||    79
